 Dungeon Crawl Stone Soup version 0.28-a0-21-gf74fda84f9 (webtiles) character file.

Game seed: 4456269158761469093

1122 robertstho the Covered (level 8, -7/64 HPs)
             Began as a Formicid Fighter on July 26, 2021.
             Was a Follower of Okawaru.
             Mangled by an orc warrior (10 damage)
             ... on level 6 of the Dungeon.
             The game lasted 00:06:35 (5164 turns).

robertstho the Covered (Formicid Fighter)           Turns: 5164, Time: 00:06:35

Health: -7/64      AC: 15    Str: 29    XL:     8   Next: 61%
Magic:  8/9        EV: 10    Int:  8    God:    Okawaru [*.....]
Gold:   178        SH: 12    Dex: 10    Spells: 7/7 levels left

rFire   . . .      SeeInvis +   a - +0 war axe
rCold   . . .      Faith    .   c - +0 kite shield
rNeg    . . .      Spirit   .   p - +0 plate armour
rPois   .          Reflect  .   (helmet unavailable)
rElec   .          Harm     .   (no cloak)
rCorr   .          Rampage  .   (no gloves)
Will    .....                   (no boots)
Stlth   ..........              g - amulet of the acrobat
HPRegen 0.20/turn               i - +6 ring of strength
MPRegen 0.11/turn               (no ring)

@: heroic
A: permanent stasis, dig shafts and tunnels, antennae 3, four strong arms
a: Dig, Shaft Self, Renounce Religion, Heroism


You were on level 6 of the Dungeon.
You worshipped Okawaru.
Okawaru was aware of your devotion.
You visited 2 branches of the dungeon, and saw 6 of its levels.
You also visited: Sewer.

You collected 221 gold pieces.
You spent 43 gold pieces at shops.

Inventory:

Hand Weapons
 a - a +0 war axe (weapon)
Armour
 c - a +0 kite shield (worn)
 p - a +0 plate armour (worn)
Jewellery
 g - an amulet of the acrobat (around neck)
 i - a +6 ring of strength (left hand)
 q - a ring of poison resistance
Wands
 l - a wand of iceblast (11)
 o - a wand of mindburst (10)
Scrolls
 b - a scroll of magic mapping {unknown}
 d - a scroll of brand weapon {unknown}
 f - a scroll of fog
 j - a scroll of enchant armour {unknown}
 m - a scroll of summoning {unknown}
 r - a scroll of amnesia {unknown}
 s - a scroll of fear {unknown}
Potions
 e - 5 potions of flight
 h - 3 potions of cancellation {unknown}
 n - 2 potions of berserk rage {unknown}


   Skills:
 * Level 5.8(10.8) Fighting
 + Level 5.8(10.8) Axes
 * Level 6.1(11.1) Armour
 + Level 1.2(6.2) Dodging
 + Level 0.3(5.3) Stealth
 + Level 5.3(10.3) Shields
 * Level 2.4 Invocations


You had 7 spell levels left.
You didn't know any spells.
Your spell library contained the following spells:

 Spells                   Type           Power      Damage    Failure   Level
 Sting                    Tmut/Pois      0%         1d3       97%         1
 Poisonous Vapours        Pois/Air       0%         N/A       99%         2
 Conjure Flame            Conj/Fire      0%         6-21      100%        3
 Ignite Poison            Fire/Tmut/Pois 0%         N/A       100%        3
 Olgreb's Toxic Radiance  Pois           0%         N/A       100%        4
 Sticky Flame             Conj/Fire      0%         2d3       100%        4


Dungeon Overview and Level Annotations

Branches:
Dungeon (4/15)             Temple (1/1) D:4           Sewer (visited)

Altars:
Fedhas
Nemelex Xobeh
Okawaru
Qazlal
Ru
Trog
Xom
Zin
The Shining One

Shops:
D:2 (*[*   D:3 (

Annotations:
D:3 312 polearm


Innate Abilities, Weirdness & Mutations

You cannot be hasted, slowed, berserked, paralysed or teleported.
You can dig through walls and to a lower floor.
You have a pair of large antennae on your head. (SInv)
Your four strong arms can wield two-handed weapons with a shield.


Message History

You are too injured to fight recklessly!
You are too injured to fight recklessly!
You are too injured to fight recklessly!
You are too injured to fight recklessly!
You are too injured to fight recklessly!
You are too injured to fight recklessly!
You are too injured to fight recklessly!
You are too injured to fight recklessly!
You are too injured to fight recklessly!
Unknown command.
You gain the combat prowess of a mighty hero.
The orc warrior hits you with a +0 halberd.
* * * LOW HITPOINT WARNING * * *
You closely miss the orc warrior.
The orc warrior is heavily wounded.
You block the orc warrior's attack.
You slash the orc warrior!
The orc warrior is severely wounded.
The orc warrior hits you with a +0 halberd!
* * * LOW HITPOINT WARNING * * *
You hit the orc warrior but do no damage.
The orc warrior is severely wounded.
The orc warrior misses you.
You barely miss the orc warrior.
The orc warrior is severely wounded.
The orc warrior hits you with a +0 halberd.
* * * LOW HITPOINT WARNING * * *
You slash the orc warrior!
The orc warrior is almost dead.
You block the orc warrior's attack.
You feel better.
The orc warrior hits you but does no damage.
You barely miss the orc warrior.
The orc warrior is almost dead.
The orc warrior hits you with a +0 halberd!
* * * LOW HITPOINT WARNING * * *
You barely miss the orc warrior.
The orc warrior is almost dead.
The orc warrior hits you with a +0 halberd!
You die...

#.........>..
#.######..)..
#.# #.#.##
#.# #.#.##
#.# #.#.##
#.# #.#.##
#.# #.#.##
#.#########.#
#.#.##
#.oooo@.....#
#.#
#############


You could see an orc warrior and 3 orcs.

Vanquished Creatures
  An ice beast (D:4)
  3 ogres
  A kobold brigand (Sewer)
  Blork the orc (D:4)
  A wyvern zombie (D:4)
  A water moccasin skeleton (D:4)
  3 killer bees (D:4)
  A hound (D:6)
  A bullfrog skeleton (D:6)
  An orc priest (D:6)
  An iguana (D:6)
  2 hound skeletons (D:4)
  4 adders
  11 gnolls
  2 river rats (Sewer)
  An ufetubus (D:6)
  A worm (D:4)
  2 dart slugs
  13 orcs
  3 endoplasms
  2 giant cockroaches
  2 goblins
  2 hobgoblins
  9 jackals
  8 kobolds
  2 quokkas
  7 ball pythons
  8 bats
  3 frilled lizards
  6 rats
103 creatures vanquished.

Vanquished Creatures (others)
  A wizard (D:3)
1 creature vanquished.

Grand Total: 104 creatures vanquished

Notes
Turn   | Place    | Note
-------+----------+-------------------------------------------
     0 | D:1      | robertstho the Formicid Fighter began the quest for the
                  | Orb.
     0 | D:1      | Reached XP level 1. HP: 18/18 MP: 1/1
   199 | D:1      | Found a faded altar of an unknown god.
   341 | D:1      | Reached XP level 2. HP: 24/24 MP: 2/2
   891 | D:2      | Reached XP level 3. HP: 14/29 MP: 3/3
  1294 | D:2      | Found Qejesiwa's Assorted Antiques.
  1302 | D:2      | Bought a smoky brown potion for 20 gold pieces
  1302 | D:2      | Bought a scroll labelled EPLAFE GUILUILL for 23 gold pieces
  1338 | D:2      | Reached XP level 4. HP: 22/37 MP: 4/4
  1515 | D:2      | Found Kiqovoen's General Store.
  1559 | D:2      | Reached skill level 4 in Armour
  1589 | D:2      | Found Siso's Antique Armour Emporium.
  1655 | D:2      | Found Afyothremn's Weapon Shop.
  1710 | D:3      | Found a bloodstained altar of Trog.
  1715 | D:3      | Found a glowing drain.
  1745 | Sewer    | Entered a sewer
  1756 | Sewer    | Reached XP level 5. HP: 40/42 MP: 5/5
  1860 | Sewer    | Noticed a kobold brigand
  1878 | Sewer    | Killed a kobold brigand
  1983 | Sewer    | Found a white marble altar of Elyvilon.
  2114 | D:3      | Reached XP level 6. HP: 48/48 MP: 6/6
  2231 | D:3      | Found Sosasiro's Antique Weapon Shop.
  2854 | D:3      | Noticed a wizard
  2859 | D:3      | Killed a wizard
  2886 | D:4      | Found a stormy altar of Qazlal.
  3319 | D:4      | Found a staircase to the Ecumenical Temple.
  3332 | Temple   | Entered the Ecumenical Temple
  3440 | Temple   | Became a worshipper of Warmaster Okawaru
  3577 | D:4      | Reached XP level 7. HP: 55/55 MP: 7/7
  3695 | D:4      | Noticed Blork the orc
  3703 | D:4      | Killed Blork the orc
  3704 | D:4      | Reached skill level 5 in Fighting
  3704 | D:4      | Reached skill level 1 in Dodging
  3704 | D:4      | Reached skill level 1 in Invocations
  3953 | D:4      | Found a glowing golden altar of the Shining One.
  3978 | D:4      | Reached skill level 5 in Axes
  3978 | D:4      | Reached skill level 5 in Armour
  3988 | D:4      | Reached skill level 5 in Shields
  4134 | D:4      | Reached * piety under Okawaru
  4135 | D:4      | Reached XP level 8. HP: 34/62 MP: 9/9
  4343 | D:4      | Found a glowing silver altar of Zin.
  4347 | D:4      | Found a sacrificial altar of Ru.
  4353 | D:4      | Found a sparkling altar of Nemelex Xobeh.
  4421 | D:4      | You fall into a shaft and drop 2 floors!
  4784 | D:6      | Reached skill level 6 in Armour
  5160 | D:6      | HP: 3/64 [orc warrior (3)]
  5164 | D:6      | Mangled by an orc warrior

Illustrated notes

Levels and vault maps discovered:
D:1:      lemuel_arrival_lava_pool, layout_basic, ebering_ecumenical_altar_mist
D:2:      layout_rooms, serial_shops, shop, shop, nicolae_shop_behind_doors,
          nicolae_shop_statue_plus
D:3:      layout_loops_ring, trog_wizard, serial_shops, nicolae_lakefront_shop,
          cheibrodos_sewer_entry_sluice
D:4:      layout_basic, mainiacjoe_overflow_small_starburst,
          overflow_temple_1_default, grunt_temple_overflow_open,
          minmay_temple_entry_glassed_door, uniq_blork_the_orc
D:6:      layout_loops_ring, nrook_mini_vaults
Temple:   regret_index_temple_generic_petals

Skill      XL: |  1  2  3  4  5  6  7  8 |
---------------+-------------------------+-----
Shields        | 4 5 |  5.3
Armour         | 4 5 6 |  6.1
Axes           | 3 4 5 |  5.8
Fighting       | 4 5 |  5.8
Dodging        | 1 |  1.2
Invocations    | 1 2 |  2.4
Stealth        | |  0.3

Action                   |  1- 3 |  4- 6 |  7- 9 || total
-------------------------+-------+-------+-------++-------
Melee: War axe           |   105 |   146 |   119 ||   370
Invok: Heroism           |       |       |     2 ||     2
 Abil: Shaft Self        |       |       |     1 ||     1
  Use: Potion            |     1 |       |     3 ||     4
       Scroll            |       |     3 |       ||     3
Armor: Scale mail        |    63 |     6 |       ||    69
       Chain mail        |       |    67 |       ||    67
       Plate armour      |       |       |    51 ||    51
Dodge: Dodged            |    67 |    43 |    40 ||   150
Block: Kite shield       |    81 |    80 |    75 ||   236

Table legend: (Time is in decaauts)
 A = Elapsed time spent in this place.
 B = Non-inter-level travel time spent in this place.
 C = Inter-level travel time spent in this place.
 D = Time resting spent in this place.
 E = Time spent auto-exploring this place.
 F = Levels seen in this place.
 G = Mean time per level.
                   A        B        C        D        E       F      G
               +--------+--------+--------+--------+--------+-----+--------+
         Total |   5354 |   5238 |    116 |    251 |   4022 |   7 |  764.9 |
       Dungeon |   4902 |   4822 |     80 |    251 |   3684 |   5 |  980.4 |
        Temple |    126 |     90 |     36 |      0 |     89 |   1 |  126.0 |
         Sewer |    325 |    325 |      0 |      0 |    249 |   1 |  325.0 |
               +--------+--------+--------+--------+--------+-----+--------+

Top non-repeatable levels by time:
     D:4: 1452 daAuts
     D:3: 925 daAuts
     D:1: 891 daAuts
     D:2: 880 daAuts
     D:6: 752 daAuts
   Sewer: 325 daAuts
  Temple: 126 daAuts
